AoeStats
← Afu

Arabia

507632437Analyzed
1v1 RM · 12d ago on Sep 19, 2026· 38m 33s· 2 players
Game mode
Random Map
Map size
Tiny (2 player)
Population
200
Speed
Normal
Resources
Standard
Victory
Conquest
Starting age
Dark Age
Ending age
Imperial Age
RankedLock teamsTeams togetherTeam positionsShared explorationLock speedFull tech treeHidden civsTurbo modeCheats
Victory
Defeat
🇹🇼 Wei · Taiwan
993
+44
🇺🇸 Vikings · United States
1014
-17
Afu
7:23 Loom
10:07 Feudal Age
11:20 Double-Bit Axe
11:16 Horse Collar
20:45 Castle Age
20:51 Scale Barding Armor
20:57 Forging
20:57 Gold Mining
21:47 Bow Saw
21:38 Heavy Plow
22:14 Gold Shaft Mining
23:32 Bloodlines
23:44 Husbandry
24:53 Chain Barding Armor
27:43 Iron Casting
28:20 Fletching
28:30 Padded Archer Armor
29:31 Bodkin Arrow
30:07 Leather Archer Armor
36:16 Wheelbarrow
39:21 Imperial Age
37:58 Stone Mining
39:18 Hand Cart
medievalguy7
5:15 Loom
6:44 Loom
7:32 Loom
9:55 Feudal Age
10:36 Double-Bit Axe
15:40 Fletching
15:39 Horse Collar
17:08 Scale Mail Armor
21:55 Castle Age
20:12 Gold Mining
22:15 Padded Archer Armor
22:51 Bow Saw
22:02 Crossbowman
22:38 Bodkin Arrow
23:23 Gold Shaft Mining
23:10 Heavy Plow
23:48 Pikeman
24:29 Squires
28:04 Stone Mining
28:32 Chain Mail Armor
32:15 Town Watch
33:25 Forging
Connection lost

Rejoining the realm…

Still unreachable

The connection could not be restored.

Session expired

The server has moved on; the page needs a fresh start.